 Dungeon Crawl Stone Soup version 0.27.1-33-g824d729ab1 (webtiles) character file.

Game seed: 5890315145216829444

52396 pkoi the Black Belt (level 14, -12/119 HPs)
             Began as a Pale Draconian Monk on Dec 14, 2021.
             Was an Initiate of Gozag.
             Killed from afar by an orc sorcerer (22 damage)
             ... with a bolt of fire
             ... while paralysed by an orc sorcerer
             ... on level 2 of the Orcish Mines.
             The game lasted 00:59:35 (35603 turns).

pkoi the Black Belt (Pale Draconian Monk)          Turns: 35603, Time: 00:59:36

Health: -12/119    AC: 12    Str: 13    XL:     14   Next: 27%
Magic:  20/23      EV:  2    Int: 16    God:    Gozag
Gold:   1986       SH:  0    Dex: 14    Spells: 11/25 levels left

rFire    . . .     SeeInvis .     - Unarmed
rCold    . . .     Faith    .   (no shield)
rNeg     . . .     Spirit   .   (armour unavailable)
rPois    .         Reflect  +   (helmet restricted)
rElec    +         Harm     .   g - +1 cloak
rCorr    .         Rampage  .   A - +0 pair of gloves
Will     ++...                  N - +0 pair of boots of Starshine {rElec}
Stlth    ++........             x - amulet of reflection
HPRegen  0.29/turn              B - ring "Nyggecw" {Will+ Slay+4}
MPRegen  0.18/turn              e - +4 ring of evasion

@: paralysed
A: breathe steam, AC +8, unfitting armour, cold-blooded, steam resistance
a: Breathe Steam, Renounce Religion, Potion Petition, Call Merchant, Bribe
Branch


You were on level 2 of the Orcish Mines.
You worshipped Gozag.
Gozag was most pleased with you.
You visited 4 branches of the dungeon, and saw 22 of its levels.
You also visited: Ossuary and Bailey.

You collected 7819 gold pieces.
You spent 2119 gold pieces at shops.
You paid 3714 gold pieces to Gozag.

Inventory:

Hand Weapons
 t - a +1 whip
Missiles
 f - 61 boomerangs (quivered)
 o - 3 throwing nets
 s - 8 atropa-tipped darts
Armour
 g - a +1 cloak (worn)
 z - a +0 pair of boots
 A - a +0 pair of gloves (worn)
 N - the +0 pair of boots of Starshine (worn) {rElec}
   (You bought it in a shop on level 2 of the Orcish Mines)

   rElec:     It insulates you from electricity.
Jewellery
 c - a ring of positive energy
 e - a +4 ring of evasion (right hand)
 q - a ring of wizardry
 x - an amulet of reflection (around neck)
 B - the ring "Nyggecw" (left hand) {Will+ Slay+4}
   (You bought it in a shop on level 7 of the Dungeon)

   [ring of willpower]

   Slay:      It affects your accuracy & damage with ranged weapons and melee
   (+4).
   Will:      It increases your willpower.
 H - a ring of flight
 O - a ring of ice
Wands
 w - a wand of acid (19)
 y - a wand of iceblast (26)
 F - a wand of mindburst (17)
 G - a wand of flame (36)
 I - a wand of polymorph (27)
 L - a wand of charming (5)
Scrolls
 b - 5 scrolls of identify
 i - 3 scrolls of amnesia
 k - 2 scrolls of summoning
 m - 7 scrolls of enchant armour
 n - 2 scrolls of fog
 C - 3 scrolls of teleportation
 D - 5 scrolls of magic mapping
 K - a scroll of enchant weapon
Potions
 a - 2 potions of magic
 d - 5 potions of ambrosia
 h - 6 potions of curing
 j - 3 potions of might
 l - 3 potions of resistance
 p - 3 potions of brilliance
 r - 7 potions of heal wounds
 u - 2 potions of cancellation
 v - 2 potions of flight
 E - 2 potions of haste
 J - a potion of invisibility
 M - a potion of berserk rage


   Skills:
 - Level 9.8 Fighting
 - Level 8.2 Dodging
 - Level 1.7 Stealth
 + Level 15.3 Unarmed Combat
 - Level 6.2 Spellcasting
 - Level 3.3 Conjurations
 - Level 9.2 Summonings
 - Level 4.0 Translocations
 * Level 1.6 Transmutations
 - Level 3.6 Fire Magic
 - Level 9.9 Air Magic
 - Level 2.1 Evocations


You had 11 spell levels left.
You knew the following spells:

 Your Spells              Type           Power      Damage    Failure   Level
a - Summon Lightning Spi  Summ/Air       35%        N/A       2%          4
b - Apportation           Tloc           34%        N/A       2%          1
c - Sticky Flame          Conj/Fire      16%        2d4       32%         4
d - Blade Hands           Tmut           5%         N/A       89%         5

Your spell library contained the following spells:

 Spells                   Type           Power      Damage    Failure   Level
 Summon Small Mammal      Summ           100%       N/A       1%          1
 Corpse Rot               Necr/Air       N/A        N/A       2%          2
 Foxfire                  Conj/Fire      64%        2x1d7     3%          1
 Conjure Flame            Conj/Fire      16%        6-21      10%         3
 Animate Skeleton         Necr           8%         N/A       14%         1
 Corona                   Hex            4%         N/A       14%         1
 Pain                     Necr           16%        1d4       14%         1
 Sandblast                Erth           8%         2d5       14%         1
 Inner Flame              Hex/Fire       10%        N/A       19%         3
 Ensorcelled Hibernation  Hex/Ice        8%         N/A       21%         2
 Dazzling Flash           Conj/Hex       20%        N/A       21%         3
 Ignite Poison            Fire/Tmut/Pois 10%        N/A       21%         3
 Summon Ice Beast         Ice/Summ       19%        N/A       21%         4
 Passage of Golubria      Tloc           N/A        N/A       26%         4
 Confusing Touch          Hex            4%         N/A       38%         3
 Tukima's Dance           Hex            4%         N/A       38%         3
 Vampiric Draining        Necr           2%         2d6       38%         3
 Silence                  Hex/Air        10%        N/A       43%         5
 Fulminant Prism          Conj/Hex       5%         3d7       56%         4
 Dispel Undead            Necr           4%         3d7       80%         4
 Olgreb's Toxic Radiance  Pois           4%         N/A       80%         4
 Irradiate                Conj/Tmut      6%         3d15      80%         5
 Alistair's Intoxication  Tmut/Pois      4%         N/A       95%         5
 Yara's Violent Unravell  Hex/Tmut       3%         3d4       95%         5
 Agony                    Necr           4%         N/A       98%         5
 Death Channel            Necr           2%         N/A       100%        6
 Invisibility             Hex            2%         N/A       100%        6
 Dragon Form              Tmut           5%         N/A       100%        7
 Ozocubu's Refrigeration  Ice            2%         4d5       100%        7
 Ignition                 Fire           8%         3d5       100%        8
 Dragon's Call            Summ           17%        N/A       100%        9


Dungeon Overview and Level Annotations

Branches:
Dungeon (13/15)            Temple (1/1) D:7            Lair (6/6) D:10
  Swamp (0/4) Lair:2       Spider (0/4) Lair:2          Orc (2/2) D:9
    Elf (0/3) Orc:2       Ossuary (visited)          Bailey (visited)
  Slime: Lair:5-6    Vaults: D:13-14

Altars:
Ashenzari
Cheibriados
Dithmenos
Elyvilon
Fedhas
Gozag
Hepliaklqana
Kikubaaqudgha
Makhleb
Nemelex Xobeh
Okawaru
Qazlal
Ru
Sif Muna
Trog
Uskayaw
Vehumet
Wu Jian
Xom
Yredelemnul
Zin
The Shining One
Beogh

Shops:
D:7 =   Orc:2 *:   Lair:2 :

Annotations:
Lair:5 exclusion: 3 oklob plants
Lair:6 2 runed translucent doors


Innate Abilities, Weirdness & Mutations

You can breathe blasts of scalding, opaque steam.
Your pale cyan-grey scales are hard. (AC +8)
You cannot fit into any form of body armour.
You are cold-blooded and may be slowed by cold attacks.
You are immune to the effects of steam.


Message History

An orc sorcerer comes into view. It is wielding a +0 dagger.
A troll comes into view.
There are monsters nearby!
There are monsters nearby!
There are monsters nearby!
The orc sorcerer casts a spell at you. You resist with almost no effort.
Casting: Summon Lightning Spire (mildly dangerous; 2% risk of failure)
Confirm with . or Enter, or press ? or * to list all spells.
An electric hum fills the air.
The orc sorcerer casts a spell.
Your lightning spire shoots out a bolt of lightning at the troll!
The bolt of electricity hits the troll.
The orc sorcerer mumbles some strange words.
You punch the troll!
The troll is heavily wounded.
You punch the troll!
The troll is almost dead.
The troll misses you. The troll closely misses you. x2
The sun demon hits you.
You are engulfed in flames!
The orc sorcerer points at you and mumbles some strange words.
You suddenly lose the ability to move!
The sun demon hits you!
You are engulfed in flames!
The troll bites you! The troll claws you but does no damage.
The troll claws you.
The sun demon hits you but does no damage.
The troll bites you but does no damage. The troll claws you. x2
* * * LOW HITPOINT WARNING * * *
The sun demon hits you!
* * * LOW HITPOINT WARNING * * *
You are engulfed in flames!
* * * LOW HITPOINT WARNING * * *
The troll bites you!
* * * LOW HITPOINT WARNING * * *
The troll claws you!
* * * LOW HITPOINT WARNING * * *
The troll barely misses you.
The orc sorcerer points at you and mumbles some strange words.
The bolt of fire hits you!!
You die...
Your body crumbles into a pile of gold.

...................### ##.
................#.....# ####..
........................####.##..
..........................#......
.................................
................................#
..............4..............#.#.
...............o3............####
...............T@...........## #
.................8.....#...##
..##..####.##...###.#.###.## #
#### ######## ##### ###


You could see a sun demon (summoned), an orange demon (summoned), a troll (ally
target), an orc sorcerer and a friendly lightning spire (summoned).

Vanquished Creatures
  An orc warlord (Bailey)
  Fannar (Orc:1)
  3 hydras
  A boulder beetle (D:12)
  2 two-headed ogres
  An orc high priest (Orc:1)
  Nergalle (D:10)
  2 orc knights
  A manticore (D:11)
  A deep elf pyromancer (D:11)
  A cyclops (D:12)
  9 elephants
  8 black mambas
  Joseph (D:10)
  A molten gargoyle (Lair:6)
  11 cane toads
  2 unseen horrors
  An efreet (D:13)
  2 rime drakes
  A kobold demonologist (D:12)
  12 komodo dragons
  2 polar bears
  23 blink frogs
  2 trolls
  4 slime creatures
  Grinder (D:5)
  2 spriggans
  A vampire (D:10)
  2 shadows
  7 wyverns
  24 yaks
  A wraith (D:11)
  2 basilisks (Lair:6)
  A steam dragon (Lair:4)
  7 vampire mosquitoes
  Edmund (D:4)
  4 wargs
  10 water moccasins
  2 acid dragons
  2 hell hounds (Lair:6)
  8 orc warriors
  A sky beast (D:7)
  An ice beast (D:6)
  47 wolves
  4 ogres
  4 centaurs
  2 phantoms
  9 bullfrogs
  A kobold brigand (D:6)
  A wyvern zombie (D:7)
  6 scorpions
  A water moccasin zombie (D:6)
  2 water moccasin skeletons
  8 killer bees
  7 wights
  An electric eel (D:9)
  A bullfrog zombie (D:7)
  3 howler monkeys (D:9)
  3 lava snakes (Lair:6)
  3 centaur zombies
  5 hounds
  2 jellies
  A gnoll shaman (D:5)
  9 orc priests
  2 human zombies (Ossuary)
  2 bullfrog skeletons
  6 iguanas
  18 orc wizards
  A scorpion zombie (D:5)
  A killer bee zombie (D:8)
  A hound skeleton (D:4)
  A hound zombie (Ossuary)
  4 mummies (Ossuary)
  Robin (D:4)
  15 gnolls
  6 adders
  2 shadow imps (D:3)
  An adder zombie (Ossuary)
  An adder skeleton (D:4)
  6 worms
  A dart slug (D:2)
  34 orcs
  10 endoplasms
  A giant cockroach (D:1)
  21 goblins
  5 hobgoblins
  8 jackals
  8 ball pythons
  6 bats
  5 frilled lizards
  2 gnoll zombies (Ossuary)
  A goblin zombie (Ossuary)
  A hobgoblin zombie (D:7)
  A jackal zombie (Ossuary)
  24 kobolds
  A kobold zombie (Ossuary)
  2 orc zombies (Ossuary)
  6 rats
  A rat zombie (Ossuary)
  A butterfly (Lair:1)
498 creatures vanquished.

Vanquished Creatures (collateral kills)
  2 hydras
  2 boulder beetles (Lair:6)
  2 lindwurms (Lair:6)
  A black mamba (Lair:6)
  An elephant (Lair:5)
  A molten gargoyle (Lair:6)
  A cane toad (Lair:5)
  3 komodo dragons
  A polar bear (Lair:3)
  A hornet (Lair:6)
  8 blink frogs
  4 yaks
  2 basilisks (Lair:6)
  A steam dragon (Lair:6)
  A hell hound (Lair:6)
  An orc warrior (Orc:1)
  10 wolves
  2 lava snakes (Lair:6)
  2 orc priests (Orc:1)
  2 gnolls (Orc:1)
  5 orcs (Orc:1)
53 creatures vanquished.

Vanquished Creatures (others)
  62 fungi
  69 plants
131 creatures vanquished.

Grand Total: 682 creatures vanquished

Notes
Turn   | Place    | Note
-------+----------+-------------------------------------------
     0 | D:1      | pkoi the Draconian Monk began the quest for the Orb.
     0 | D:1      | Reached XP level 1. HP: 19/19 MP: 1/1
   117 | D:1      | Found a faded altar of an unknown god.
   223 | D:1      | Reached XP level 2. HP: 26/26 MP: 2/2
   461 | D:1      | Reached skill level 4 in Unarmed Combat
   844 | D:2      | Reached XP level 3. HP: 19/31 MP: 3/3
   996 | D:2      | Found a stormy altar of Qazlal.
  1909 | D:2      | Reached XP level 4. HP: 38/38 MP: 4/4
  1944 | D:2      | Reached skill level 5 in Unarmed Combat
  2383 | D:3      | Found an opulent altar of Gozag.
  2442 | D:3      | Became a worshipper of Gozag Ym Sagoz the Greedy
  3107 | D:3      | Found a transporter.
  3155 | D:3      | Found a bloodstained altar of Trog.
  3156 | D:3      | Found a sacrificial altar of Ru.
  3265 | D:3      | Found a transporter.
  3442 | D:3      | Found a broken altar of Ashenzari.
  3517 | D:3      | Found a stormy altar of Qazlal.
  3614 | D:4      | Reached XP level 5. HP: 41/45 MP: 5/5
  3673 | D:4      | Reached skill level 6 in Unarmed Combat
  3840 | D:4      | Noticed Robin
  3845 | D:4      | Killed Robin
  4087 | D:4      | Reached XP level 6. HP: 37/51 MP: 6/6
  4240 | D:4      | Reached skill level 7 in Unarmed Combat
  4809 | D:4      | Noticed Edmund
  5053 | D:5      | Entered Level 5 of the Dungeon
  5072 | D:5      | Reached skill level 8 in Unarmed Combat
  5094 | D:5      | Your scales start taking on a pale cyan-grey colour.
  5094 | D:5      | Reached XP level 7. HP: 53/57 MP: 7/7
  5094 | D:5      | Gained mutation: You are immune to the effects of steam.
                  | [Pale Draconian growth]
  5398 | D:5      | Reached skill level 9 in Unarmed Combat
  5701 | D:5      | Reached XP level 8. HP: 60/63 MP: 8/8
  5725 | D:5      | Noticed Grinder
  5984 | D:4      | Reached skill level 10 in Unarmed Combat
  6052 | D:4      | Killed Edmund
  6496 | D:5      | Killed Grinder
  6497 | D:5      | Reached skill level 11 in Unarmed Combat
  6935 | D:6      | Reached XP level 9. HP: 70/71 MP: 9/9
  7131 | D:6      | Found an ornate altar of the Wu Jian Council.
  7274 | D:6      | Found a radiant altar of Vehumet.
  7467 | D:7      | Found a sand-covered staircase.
  7478 | Ossuary  | Entered an ossuary
  7970 | D:7      | Found a staircase to the Ecumenical Temple.
  7978 | Temple   | Entered the Ecumenical Temple
  8104 | D:7      | Bought the ring "Nyggecw" {Will+ Slay+4} for 585 gold
                  | pieces
  8306 | D:7      | Reached skill level 12 in Unarmed Combat
  9014 | D:8      | Got Voged's Papyrus of Mezcal
  9022 | D:8      | Learned a level 4 spell: Summon Lightning Spire
  9077 | D:8      | Found a shimmering altar of Xom.
  9241 | D:8      | Reached skill level 5 in Fighting
  9244 | D:8      | Reached skill level 1 in Air Magic
  9446 | D:8      | Reached skill level 1 in Spellcasting
  9446 | D:8      | Reached skill level 1 in Summonings
  9975 | D:9      | Found a flagged portal.
  9990 | Bailey   | Entered a bailey
  9995 | Bailey   | Noticed an orc warlord
 10144 | Bailey   | Found a runed translucent gate.
 10159 | Bailey   | Found a runed translucent gate.
 10160 | Bailey   | Found a runed translucent gate.
 10167 | Bailey   | Noticed an orc knight
 10198 | Bailey   | Killed an orc knight
 10438 | Bailey   | Killed an orc warlord
 10439 | Bailey   | Reached skill level 5 in Dodging
 10439 | Bailey   | Reached XP level 10. HP: 22/83 MP: 12/14
 10778 | D:9      | Acquired 692 gold pieces
 10796 | D:9      | You fall into a shaft and drop 3 floors!
 10819 | D:12     | Noticed a boulder beetle
 10863 | D:12     | Killed a boulder beetle
 11183 | D:12     | Noticed a two-headed ogre
 11191 | D:12     | Killed a two-headed ogre
 11500 | D:12     | Acquired 848 gold pieces
 11531 | D:11     | Noticed a manticore
 11538 | D:12     | Noticed an orange demon
 11780 | D:12     | You fall into a shaft and drop 1 floor!
 12017 | D:12     | Noticed a cyclops
 12090 | D:13     | Reached XP level 11. HP: 66/92 MP: 16/16
 12450 | D:10     | Entered Level 10 of the Dungeon
 12450 | D:10     | Noticed Nergalle
 12457 | D:10     | Killed Nergalle
 12458 | D:10     | Reached skill level 13 in Unarmed Combat
 12795 | D:9      | Reached skill level 5 in Air Magic
 13026 | D:9      | Found a staircase to the Orcish Mines.
 13834 | D:10     | Reached skill level 5 in Summonings
 13900 | D:10     | Noticed Joseph
 13911 | D:10     | Killed Joseph
 14344 | D:10     | Found an iron altar of Okawaru.
 14837 | D:10     | Found a staircase to the Lair.
 14848 | D:10     | Reached skill level 1 in Evocations
 15553 | D:11     | Noticed a deep elf pyromancer
 16018 | D:11     | Noticed a two-headed ogre
 16061 | D:11     | Killed a two-headed ogre
 16583 | D:11     | Killed a deep elf pyromancer
 16899 | D:11     | Noticed a five-headed hydra
 16906 | D:11     | Killed a five-headed hydra
 17824 | Lair:1   | Entered Level 1 of the Lair of Beasts
 17830 | Lair:1   | Reached XP level 12. HP: 81/100 MP: 17/17
 18991 | Lair:2   | Reached skill level 14 in Unarmed Combat
 20004 | Lair:2   | Found a staircase to the Swamp.
 20995 | Lair:2   | Found a hole to the Spider Nest.
 21530 | Lair:2   | Reached skill level 5 in Spellcasting
 22213 | Lair:3   | Noticed a five-headed hydra
 22223 | Lair:3   | Killed a five-headed hydra
 22369 | Lair:3   | Noticed a six-headed hydra
 22473 | Lair:3   | Noticed a five-headed hydra
 23314 | Lair:3   | Killed a six-headed hydra
 23524 | Lair:3   | Reached XP level 13. HP: 107/107 MP: 16/21
 23988 | Lair:4   | Got the Collected Works on Hexes and the Frostbite
 24745 | Lair:1   | Identified the +9 battleaxe "Warghod" {drain, MP+9 Str+6}
 26895 | Lair:2   | Bought a book of Party Tricks for 540 gold pieces
 26897 | Lair:2   | Learned a level 1 spell: Apportation
 27736 | Lair:6   | Entered Level 6 of the Lair of Beasts
 27742 | Lair:6   | Reached skill level 1 in Translocations
 28520 | Lair:5   | Learned a level 4 spell: Sticky Flame
 28695 | Lair:6   | Reached skill level 1 in Fire Magic
 28782 | Lair:6   | Reached skill level 15 in Unarmed Combat
 28782 | Lair:6   | Reached skill level 1 in Conjurations
 30158 | Lair:6   | Reached XP level 14. HP: 96/118 MP: 16/23
 31029 | Lair:6   | Found a large runed translucent door.
 31029 | Lair:6   | Found a large runed translucent door.
 34063 | Orc:1    | Entered Level 1 of the Orcish Mines
 34643 | Orc:2    | Entered Level 2 of the Orcish Mines
 34694 | Orc:2    | Found a staircase to the Elven Halls.
 34717 | Orc:2    | Found Hucsogyq's General Store.
 34720 | Orc:2    | Found Sacrin's Book Shoppe.
 34729 | Orc:2    | Bought the +0 pair of boots of Starshine {rElec} for 314
                  | gold pieces
 34742 | Orc:2    | Bought a book of Transfigurations for 680 gold pieces
 34748 | Orc:2    | Learned a level 5 spell: Blade Hands
 34841 | Orc:1    | Noticed Fannar
 34865 | Orc:1    | Killed Fannar
 34866 | Orc:1    | Reached skill level 1 in Transmutations
 35600 | Orc:2    | Paralysed by an orc sorcerer for 3 turns
 35603 | Orc:2    | Killed from afar by an orc sorcerer

Illustrated notes

Levels and vault maps discovered:
D:1:      minmay_arrival_wavy_path, layout_loops_ring,
          hellmonk_ecumenical_altar_blasted, minmay_tripent
D:2:      layout_loops_ring, basic_altar
D:3:      gammafunk_wand_slinger, layout_basic, jmf_multi_god_temple,
          grunt_gozag_breadcrumbs, mainiacjoe_overflow_swirl,
          kennysheep_generic_room_14
D:4:      layout_basic, uniq_robin, uniq_edmund
D:5:      layout_basic, uniq_grinder
D:6:      layout_cave_pools, mainiacjoe_overflow_alcove_4,
          nzn_wu_jian_council_hall
D:7:      layout_loops_ring, minmay_temple_entry_tees, serial_co_window_serial,
          co_window_corner_a, co_window_of_opportunity_a, co_window_paths_b,
          co_window_corner_a, co_window_corner_a, co_window_cross_4,
          co_window_paths_c, co_window_paths_c, co_window_of_opportunity_b,
          co_window_paths_c, co_window_paths_c, co_window_2corner,
          glass_columns_a, enter_ossuary_3
D:8:      layout_gridville, lemuel_tele_altar
D:9:      layout_basic, orc_0_dummy, enter_bailey_3
D:10:     layout_irregular_city, okawaru_gym_becter, erik_lair_orcish_takeover,
          uniq_joseph, uniq_nergalle
D:11:     layout_loops_ring, lightli_fourway_metalbox
D:12:     layout_cave_pools
D:13:     lemuel_slime, layout_rooms, serial_shops, shop_scrolls
Temple:   nicolae_temple_god_jail
Lair:1:   layout_roguey, lemuel_fruit_fields, lemuel_fruit_tree,
          grunt_megastairs_3
Lair:2:   layout_layer_cave, minmay_swamp_entry_reptiles,
          nicolae_spider_entry_non_spiders, grunt_forest_large_clearing_hut
Lair:3:   layout_regular_city, serial_bayou_lagoon_b
Lair:4:   layout_misc_corridors
Lair:5:   layout_layer_cave, minmay_slime_entry_oklob_enclosed
Lair:6:   cheibrodos_lair_end_hotspot, layout_regular_city,
          grunt_forest_large_clearings
Orc:1:    layout_caves, uniq_fannar
Orc:2:    kennysheep_orc_mage_school, layout_caves, serial_shops,
          nicolae_shop_crystal, nicolae_diamond_shop, shop, shop, shop,
          basic_altar, special_room, uniq_jorgrun

Skill      XL: |  1  2  3  4  5  6  7  8  9 10 11 12 13 14 |
---------------+-------------------------------------------+-----
Unarmed Combat | 4 5 6 8 9 11 12 13 14 15 | 15.3
Dodging        | 3 5 6 7 8 |  8.2
Fighting       | 6 7 9 |  9.8
Air Magic      | 3 4 7 9 |  9.9
Spellcasting   | 2 3 5 6 |  6.2
Summonings     | 3 4 6 8 9 |  9.2
Evocations     | 2 |  2.1
Translocations | 3 4 |  4.0
Fire Magic     | 2 3 |  3.6
Conjurations   | 2 3 |  3.3
Transmutations | 1 |  1.6
Stealth        | |  1.7

Action                   |  1- 3 |  4- 6 |  7- 9 | 10-12 | 13-15 || total
-------------------------+-------+-------+-------+-------+-------++-------
Melee: Unarmed           |   139 |   243 |   351 |   486 |   604 ||  1823
       Tailslap          |    10 |    29 |    36 |    67 |    92 ||   234
       Punch             |       |    10 |    18 |    34 |    40 ||   102
Throw: Boomerang         |       |       |     7 |     7 |    10 ||    24
 Cast: Summon Lightning  |       |       |       |     5 |    73 ||    78
Invok: Potion Petition   |       |       |     1 |     4 |       ||     5
       Call Merchant     |       |       |     1 |     1 |       ||     2
 Abil: Breathe Steam     |       |       |    17 |    49 |    27 ||    93
Evoke: Wand              |       |       |       |    10 |       ||    10
  Use: Scroll            |     3 |     7 |    12 |     5 |     3 ||    30
       Potion            |       |       |     4 |     3 |     1 ||     8
 Stab: Sleeping          |     1 |     4 |     2 |     2 |       ||     9
       Distracted        |     1 |     1 |     5 |       |    14 ||    21
Armor: Skin              |    28 |    50 |    59 |   116 |   157 ||   410
Dodge: Dodged            |    99 |   206 |   236 |   398 |   522 ||  1461
Block: Other             |       |       |       |    43 |   146 ||   189
       Reflection        |       |       |       |       |     1 ||     1
